 Dungeon Crawl Stone Soup version 0.32-a0-877-g730d122 (webtiles) character file.

Game seed: 14898909775353720806

244624 10x100 the Slayer (level 20, 0/180 HPs)
             Began as a Formicid Fighter on Apr 1, 2024.
             Was an Elder of Okawaru.
             Slain by a ghostly deep elf blademaster
             ... wielding a +2 quick blade of venom
              (3 damage)
             ... on level 3 of the Elven Halls.
             The game lasted 01:22:01 (28515 turns).

10x100 the Slayer (Formicid Fighter)               Turns: 28515, Time: 01:22:02

Health: 0/180      AC: 27    Str: 27    XL:     20   Next: 71%
Magic:  26/27      EV: 14    Int:  8    God:    Okawaru [****..]
Gold:   2973       SH: 30    Dex: 11    Spells: 19/19 levels left

rFire   + + .        a - +5 battleaxe (flame)
rCold   + . .        W - +8 tower shield of the Brewing Gods {rF+ rN+ Dex-2}
rNeg    + + .        T - +4 plate armour {rF+}
rPois   +            (helmet unavailable)
rElec   +            Q - +0 cloak
rCorr   .            o - +0 pair of gloves of Asuig {*Corrode rPois Int+2 Slay+5}
SInv    +            G - +1 pair of boots
Will    ++...        J - amulet of regeneration Stlth
                     g - ring of Vuideu {Fly rElec rN+ EV+5 Int-5}
HPRegen 1.30/turn    c - ring of protection from cold
MPRegen 0.20/turn

%: corrode self (3%)
@: mighty, lethally poisoned (0 -> -1), silenced, heroic, finesse-ful, corroded,
flying
A: permanent stasis, dig shafts and tunnels, antennae 3, four strong arms
}: 1/15 runes: decaying
a: Dig, Shaft Self, Renounce Religion


You were on level 3 of the Elven Halls.
You worshipped Okawaru.
Okawaru was greatly pleased with you.
You visited 7 branches of the dungeon, and saw 31 of its levels.
You visited the Abyss 1 time.
You also visited: Gauntlet and Ice Cave.

You collected 2973 gold pieces.

Inventory:

Hand Weapons
 a - a +5 battleaxe of flaming (weapon)
 b - a +3 battleaxe of freezing
 q - a +3 antimagic war axe
 t - a +2 great mace of holy wrath
 O - a +0 demon whip of draining
Missiles
 S - 2 throwing nets
Armour
 e - a +0 chain mail of cold resistance
 o - the +0 pair of gloves of Asuig (worn) {*Corrode rPois Int+2 Slay+5}
   (You found it in a Gauntlet)

   Int+2:     It affects your intelligence (+2).
   Slay+5:    It affects your accuracy & damage with ranged weapons and melee
   (+5).
   rPois:     It protects you from poison.
   *Corrode:  It may corrode you when you take damage.
 G - a +1 pair of boots (worn)
 Q - a +0 cloak (worn)
 T - a +4 plate armour of fire resistance (worn)
 W - the +8 tower shield of the Brewing Gods (worn) {rF+ rN+ Dex-2}
   (You took it off Louise on level 3 of the Elven Halls)

   Dex-2:     It affects your dexterity (-2).
   rF+:       It protects you from fire.
   rN+:       It protects you from negative energy.
Jewellery
 c - a ring of protection from cold (right hand)
 g - the ring of Vuideu (left hand) {Fly rElec rN+ EV+5 Int-5}
   (You found it in a Gauntlet)

   [ring of evasion]

   EV+5:      It affects your evasion (+5).
   Int-5:     It affects your intelligence (-5).
   rElec:     It insulates you from electricity.
   rN+:       It protects you from negative energy.
   Fly:       It grants you flight.
 D - an amulet of reflection
 J - an amulet of regeneration (around neck)
 V - a ring of protection from cold
Talismans
 F - a granite talisman
Wands
 s - a wand of iceblast (49)
 y - a wand of light (17)
 z - a wand of polymorph (14)
 B - a wand of flame (76)
 H - a wand of digging (8)
Scrolls
 f - a scroll of acquirement
 j - 7 scrolls of amnesia
 k - 3 scrolls of fog
 l - 5 scrolls of enchant weapon
 p - 3 scrolls of identify
 v - 6 scrolls of fear
 A - a scroll of brand weapon
 C - 3 scrolls of revelation
 E - 2 scrolls of vulnerability
 L - 2 scrolls of poison
 M - 3 scrolls of immolation
 P - a scroll of enchant armour
Potions
 h - 15 potions of curing
 i - 3 potions of cancellation
 m - 6 potions of enlightenment
 n - 7 potions of ambrosia
 r - 3 potions of brilliance
 u - 7 potions of mutation
 x - 11 potions of heal wounds
 K - 3 potions of magic
 N - 3 potions of resistance
 U - a potion of invisibility
 X - a potion of attraction
Miscellaneous
 Y - a lightning rod (4/4)


   Skills:
 - Level 21.0(26.0) Fighting
 + Level 18.9(23.9) Axes
 - Level 18.0(23.0) Armour
 - Level 18.0(23.0) Shields
 - Level 10.0 Invocations
 - Level 10.0 Evocations


You had 19 spell levels left.
You didn't know any spells.
Your spell library contained the following spells:

 Spells                   Type           Power      Damage    Failure   Level
 Apportation              Tloc           0%         N/A       91%         1
 Magic Dart               Conj           0%         1d3       91%         1
 Necrotise                Necr           0%         1d4       91%         1
 Sting                    Conj/Alch      0%         1d3       91%         1
 Cigotuvi's Dreadful Rot  Necr/Alch/Air  0%         N/A       97%         2
 Lesser Beckoning         Tloc           0%         N/A       97%         2
 Mercury Vapours          Alch/Air       0%         N/A       97%         2
 Momentum Strike          Conj/Tloc      0%         3d8       97%         2
 Static Discharge         Conj/Air       0%         3-3/arc   97%         2
 Sublimation of Blood     Necr           0%         N/A       97%         2
 Inner Flame              Hex/Fire       0%         N/A       100%        3
 Mephitic Cloud           Conj/Alch/Air  0%         N/A       100%        3
 Sigil of Binding         Hex            0%         N/A       100%        3
 Airstrike                Air            0%         2d(0-16)  100%        4
 Brom's Barrelling Bould  Conj/Erth      0%         2d3       100%        4
 Cause Fear               Hex            0%         N/A       100%        4
 Dispel Undead            Necr           0%         3d6       100%        4
 Ignite Poison            Fire/Alch      0%         N/A       100%        4
 Passage of Golubria      Tloc           0%         N/A       100%        4
 Sticky Flame             Fire/Alch      0%         2d4       100%        4
 Arcjolt                  Conj/Air       0%         1d10      100%        5
 Borgnjor's Vile Clutch   Necr/Erth      0%         N/A       100%        5
 Fireball                 Conj/Fire      0%         3d3       100%        5
 Freezing Cloud           Conj/Ice/Air   0%         6-21      100%        5
 Irradiate                Conj/Alch      0%         3d11      100%        5
 Iskenderun's Battlesphe  Conj           0%         2d6       100%        5
 Silence                  Hex/Air        0%         N/A       100%        5
 Conjure Ball Lightning   Conj/Air       0%         3x3d6     100%        6
 Plasma Beam              Fire/Air       0%         2x1d10    100%        6
 Orb of Destruction       Conj           0%         9d5       100%        7
 Ignition                 Fire           0%         3d3       100%        8
 Lehudib's Crystal Spear  Conj/Erth      0%         10d2      100%        8
 Summon Small Mammal      Summ           Unusable   N/A       N/A         1
 Blink                    Tloc           Unusable   N/A       N/A         2
 Call Imp                 Summ           Unusable   N/A       N/A         2
 Animate Dead             Necr           Unusable   N/A       N/A         4
 Martyr's Knell           Necr/Summ      Unusable   N/A       N/A         4
 Summon Lightning Spire   Summ/Air       Unusable   N/A       N/A         4
 Vhi's Electric Charge    Tloc/Air       Unusable   N/A       N/A         4
 Death Channel            Necr           Unusable   N/A       N/A         6
 Sculpt Simulacrum        Ice/Alch       Unusable   N/A       N/A         6
 Summon Hydra             Summ           Unusable   N/A       N/A         7
 Infestation              Necr           Unusable   N/A       N/A         8
 Dragon's Call            Summ           Unusable   N/A       N/A         9

Dungeon Overview and Level Annotations

Branches:
Dungeon (15/15)            Temple (1/1) D:5            Lair (5/5) D:10
  Swamp (4/4) Lair:2       Spider (1/4) Lair:2        Slime (0/5) Lair:4
    Orc (2/2) D:11            Elf (3/3) Orc:2        Vaults (0/5) D:14
 Depths (0/4) D:15          IceCv (visited)         Gauntlet (visited)

Altars:
Ashenzari
Cheibriados
Dithmenos
Elyvilon
Fedhas
Gozag
Hepliaklqana
Kikubaaqudgha
Makhleb
Nemelex Xobeh
Okawaru
Qazlal
Ru
Sif Muna
Trog
Uskayaw
Vehumet
Wu Jian
Xom
Yredelemnul
Zin
The Shining One
Jiyva
Lugonu

Shops:
D:7 *   D:8 [   Orc:2 ??(:   Elf:1 *   Elf:3 !

Portals:
Abyss: Lair:5


Innate Abilities, Weirdness & Mutations

You cannot be hasted, slowed, berserked, paralysed or teleported.
You can dig through walls and to a lower floor.
You have a pair of large antennae on your head. (SInv)
Your four strong arms can wield two-handed weapons with a shield.


Message History

* * * LOW HITPOINT WARNING * * *
The ghostly deep elf blademaster hits you with a +2 quick blade of venom.
* * * LOW HITPOINT WARNING * * *
A +0 long sword of holy wrath comes into view.
Okay, then.
Magic scrolls do not work when you're silenced!
Okay, then.
You slash the ghostly deep elf blademaster!
You burn the ghostly deep elf blademaster.
The ghostly deep elf blademaster is lightly damaged.
You slice the deep elf blademaster!! You burn the deep elf blademaster!
You feel very sick.
You block the deep elf blademaster's attack.
The deep elf blademaster misses you.
A deep elf annihilator comes into view.
It is wielding a +2 long sword of holy wrath.
You feel better.
You block the ghostly deep elf blademaster's attack. x2
The ghostly deep elf blademaster hits you with a +2 quick blade of venom.
* * * LOW HITPOINT WARNING * * *
You block the ghostly deep elf blademaster's attack.
You block the deep elf blademaster's attack.
The deep elf blademaster hits you with a +0 rapier.
* * * LOW HITPOINT WARNING * * *
The ghostly deep elf blademaster hits you with a +2 quick blade of venom!
* * * LOW HITPOINT WARNING * * *
The ghostly deep elf blademaster hits you but does no damage.
You are poisoned.
The ghostly deep elf blademaster hits you with a +2 quick blade of venom.
* * * LOW HITPOINT WARNING * * *
The ghostly deep elf blademaster hits you with a +2 quick blade of venom!
* * * LOW HITPOINT WARNING * * *
You slice the ghostly deep elf blademaster!!
You burn the ghostly deep elf blademaster!
The ghostly deep elf blademaster is heavily damaged.
You slash the deep elf death mage! You burn the deep elf death mage.
You completely miss the deep elf blademaster.
You feel sick.
You block the deep elf blademaster's attack. x2
The ghostly deep elf blademaster hits you with a +2 quick blade of venom.
You die...

##.......###
#...........#
#...........#
#...........#
#.^.........#
#.......$...#
#.......)...#
###....ee.### {
##..ee@##
###e### {
...{.ee.{{{{...
.....*{{.{.....
..(..{{...%....
#.......{.{...#
.##.......{..#{
##.......###
###. .###


You could see a deep elf blademaster, a ghostly deep elf blademaster, a deep elf
death mage, 2 deep elf annihilators, a deep elf elementalist (fast, repels
missiles), a deep elf demonologist and a lost soul (summoned).

Vanquished Creatures
  Saint Roka (Elf:3)
  Norris (Elf:1)
  Jorgrun (Elf:1)
  Mlioglotl (Swamp:3)
  The ghost of korenl137 the Brawler, an adept DrSh of Gozag (Elf:1)
  Rupert (Lair:5)
  3 deep elf blademasters
  Asterion (Elf:3)
  A tentacled starspawn (Abyss:3)
  2 thorn hunters (Swamp:4)
  Kirke (Lair:4)
  Roxanne (Swamp:3)
  A frost giant (IceCv)
  A fenstrider witch (Swamp:3)
  A deep elf sorcerer (Elf:1)
  2 orc warlords
  Louise (Elf:3)
  A deep elf elementalist (Elf:3)
  An ironbound preserver (D:14)
  A deep elf death mage (Elf:1)
  2 deep elf demonologists (Elf:3)
  2 eleionomae
  3 bunyips
  A minotaur (Gauntlet)
  Snorg (D:13)
  2 deep elf high priests (Elf:3)
  2 great orbs of eyes
  Harold (Orc:1)
  A catoblepas (Lair:2)
  20 hydras
  2 two-headed ogres
  5 centaur warriors
  25 dancing weapons
  A boulder beetle (Lair:5)
  A death knight (D:14)
  10 alligators
  2 death scarabs (Gauntlet)
  12 death yaks
  A demonic crawler (Spider:1)
  5 orc high priests (Orc:2)
  4 thrashing horrors (Lair:5)
  The ghost of Faceam the Blocker, a journeyman VSFi of Trog (D:11)
  13 deep elf knights
  4 skysharks
  2 skeletal warriors
  6 spriggans
  A wretched star (Abyss:3)
  A spectral catoblepas (Gauntlet)
  A skyshark (shapeshifter) (D:15)
  A pharaoh ant (Spider:1)
  4 goliath frogs
  3 bog bodies
  A spriggan druid (Swamp:4)
  2 orb spiders (Spider:1)
  An orb spider (shapeshifter) (Elf:3)
  37 deep elf pyromancers
  An arcanist (D:14)
  3 thermic dynamos
  Pikel (D:8)
  A steelbarb worm (Spider:1)
  17 deep elf archers
  16 swamp dragons
  7 orc knights (Orc:2)
  30 deep elf zephyrmancers
  15 ugly things
  A salamander (shapeshifter) (Lair:5)
  5 will-o-the-wisps
  4 cyclopes
  A spectral boulder beetle (Gauntlet)
  A wolf spider (Spider:1)
  6 manticores
  A worldbinder (Gauntlet)
  A spectral centaur (D:11)
  3 orc sorcerers
  An ice statue (IceCv)
  A moth of wrath (Spider:1)
  2 kobold blastminers
  7 centaur zombies (D:10)
  5 meliai
  12 slime creatures
  An elephant (D:10)
  A torpor snail (Spider:1)
  Joseph (D:8)
  6 black mambas
  2 smoke demons (Lair:5)
  9 cane toads
  An eye of devastation (Lair:4)
  A large abomination (Lair:5)
  2 unseen horrors
  2 efreet
  A gargoyle (D:12)
  A minotaur zombie (Gauntlet)
  12 rime drakes
  7 komodo dragons
  2 kobold demonologists (D:13)
  3 freezing wraiths (D:14)
  An unseen horror zombie (D:10)
  A polar bear (shapeshifter) (D:15)
  10 trolls
  10 tyrant leeches
  7 polar bears
  5 tarantellas (Spider:1)
  Grinder (D:5)
  6 hornets
  A glass eye (Lair:4)
  22 blink frogs
  A spectral dream sheep (Gauntlet)
  12 dream sheep (Lair:5)
  3 raiju (Lair:5)
  A spectral meliai (D:11)
  4 air elementals
  5 wraiths
  8 jumping spiders (Spider:1)
  2 shadows
  7 water elementals
  5 centaur simulacra
  A ynoxinul (Lair:5)
  4 culicivoras (Spider:1)
  32 yaks
  2 wyverns
  7 hogs (Lair:4)
  4 basilisks
  2 fire elementals (Elf:1)
  A spectral komodo dragon (Gauntlet)
  3 steam dragons
  A basilisk (shapeshifter) (Elf:2)
  3 wargs
  16 redbacks
  3 chaos spawn (Lair:5)
  2 vampire mosquitoes (D:13)
  18 swamp worms
  12 small abominations (Lair:5)
  4 acid dragons
  16 water moccasins
  An ice beast (D:8)
  5 swamp drakes
  A black bear (D:10)
  38 orc warriors
  2 laughing skulls (D:13)
  27 wolves
  3 boggarts (Gauntlet)
  18 centaurs
  4 ogres
  4 kobold brigands
  A phantom (D:5)
  A brain worm (shapeshifter) (D:12)
  2 weeping skulls (D:10)
  An earth elemental (Elf:1)
  14 bullfrogs
  A gnoll sergeant (D:12)
  2 scorpions
  9 wights
  The ghost of debbie the Changeling, a weakling DrSh (D:3)
  6 howler monkeys
  3 hounds
  2 jellies
  30 orc priests
  3 bombardier beetles
  A human zombie (D:10)
  A gnoll bouda (D:6)
  A sleepcap (D:8)
  2 hell rats (Lair:4)
  7 iguanas
  14 orc wizards
  A boggart simulacrum (D:11)
  A howler monkey zombie (D:10)
  8 river rats (Lair:4)
  6 adders
  9 gnolls
  12 white imps (D:12)
  2 ufetubi (D:5)
  3 dart slugs
  4 ribbon worms
  113 orcs
  6 ball pythons
  5 endoplasms
  3 giant cockroaches
  11 goblins
  5 hobgoblins
  3 jackals (D:5)
  27 kobolds
  5 quokkas
  9 bats
  3 frilled lizards
  5 rats
  A spectral weapon (Elf:3)
  A starspawn tentacle (Abyss:3)
1090 creatures vanquished.

Vanquished Creatures (others)
  A dancing weapon (Elf:1)
  2 bloated husks
  20 foxfires
  3 starspawn tentacles (Abyss:3)
26 creatures vanquished.

Grand Total: 1116 creatures vanquished

Notes
Turn   | Place    | Note
-------+----------+-------------------------------------------
     0 | D:1      | 10x100 the Formicid Fighter began the quest for the Orb.
     0 | D:1      | Reached XP level 1. HP: 18/18 MP: 1/1
    42 | D:1      | Reached XP level 2. HP: 21/24 MP: 2/2
   444 | D:1      | Reached XP level 3. HP: 30/30 MP: 3/3
  1666 | D:2      | Found a faded altar of an unknown god.
  1797 | D:3      | Reached skill level 4 in Fighting
  1799 | D:3      | Reached XP level 4. HP: 35/37 MP: 4/4
  1829 | D:3      | Found a runed translucent gate.
  1829 | D:3      | Found a runed translucent gate.
  1829 | D:3      | Found a runed translucent gate.
  1834 | D:3      | Noticed debbie's ghost (weakling DrSh)
  1854 | D:3      | Reached XP level 5. HP: 30/42 MP: 5/5
  1857 | D:3      | Killed debbie's ghost
  1925 | D:3      | Reached skill level 5 in Axes
  1925 | D:3      | Reached XP level 6. HP: 41/48 MP: 6/6
  2373 | D:3      | Found a shadowy altar of Dithmenos.
  2404 | D:3      | Found an ornate altar of the Wu Jian Council.
  2668 | D:4      | Noticed an ogre
  3060 | D:4      | Identified the +0 robe of Mof Qapp {Will+ Str+3 Dex-5
                  | Slay+3}
  3210 | D:4      | Reached XP level 7. HP: 20/54 MP: 7/7
  3358 | D:4      | Found a blossoming altar of Fedhas.
  3454 | D:4      | Identified the +0 ring mail of the Zealous God {Int+5}
  3684 | D:5      | Entered Level 5 of the Dungeon
  3706 | D:5      | Noticed Grinder
  3713 | D:5      | Reached skill level 5 in Fighting
  3772 | D:5      | Killed Grinder
  3773 | D:5      | Reached XP level 8. HP: 46/62 MP: 2/8
  3829 | D:5      | Found a staircase to the Ecumenical Temple.
  3838 | Temple   | Entered the Ecumenical Temple
  3911 | Temple   | Became a worshipper of Warmaster Okawaru
  4109 | D:5      | Reached skill level 1 in Invocations
  4711 | D:6      | Reached skill level 1 in Evocations
  5117 | D:6      | Reached skill level 6 in Fighting
  5208 | D:6      | Reached * piety under Okawaru
  5487 | D:7      | Reached XP level 9. HP: 64/69 MP: 12/12
  5737 | D:7      | Found a hazy altar of Hepliaklqana.
  5792 | D:7      | Reached skill level 5 in Invocations
  5870 | D:7      | Found Naottiul's Elemental Accessories.
  5943 | D:7      | Reached skill level 7 in Fighting
  6089 | D:8      | Noticed Pikel
  6098 | D:8      | Killed Pikel
  6098 | D:8      | Reached ** piety under Okawaru
  6099 | D:8      | Reached skill level 10 in Axes
  6107 | D:8      | Reached XP level 10. HP: 57/79 MP: 13/13
  6188 | D:8      | Found Keif's Antique Armour Boutique.
  6262 | D:8      | Reached skill level 8 in Fighting
  6383 | D:8      | Reached skill level 5 in Shields
  6488 | D:8      | Noticed Joseph
  6500 | D:8      | Killed Joseph
  6501 | D:8      | Reached skill level 5 in Armour
  6884 | D:9      | Reached *** piety under Okawaru
  7305 | D:9      | Reached XP level 11. HP: 69/86 MP: 14/14
  7621 | D:10     | Entered Level 10 of the Dungeon
  7624 | D:10     | Reached **** piety under Okawaru
  7827 | D:10     | Found a staircase to the Lair.
  7827 | D:10     | Noticed an elephant
  7848 | D:10     | Killed an elephant
  7849 | D:10     | Reached skill level 9 in Fighting
  7924 | D:10     | Noticed a two-headed ogre
  7939 | D:10     | Killed a two-headed ogre
  8322 | D:10     | Found a basalt altar of Yredelemnul.
  8350 | D:10     | Reached ***** piety under Okawaru
  8412 | D:10     | Reached skill level 10 in Invocations
  8816 | Lair:1   | Entered Level 1 of the Lair of Beasts
  9014 | Lair:1   | Reached XP level 12. HP: 95/95 MP: 19/19
  9859 | Lair:2   | Noticed a catoblepas
  9874 | Lair:2   | Killed a catoblepas
  9985 | Lair:2   | Reached skill level 10 in Fighting
 10142 | Lair:2   | Found a staircase to the Swamp.
 10367 | Lair:2   | Found a hole to the Spider Nest.
 11104 | Lair:3   | Noticed a seven-headed hydra
 11114 | Lair:3   | Killed a three-headed hydra
 11210 | Lair:3   | Noticed a death yak
 11212 | Lair:3   | Noticed a death yak
 11214 | Lair:3   | Noticed a death yak
 11220 | Lair:3   | Noticed a death yak
 11222 | Lair:3   | Killed a death yak
 11224 | Lair:3   | Killed a death yak
 11224 | Lair:3   | Noticed a death yak
 11230 | Lair:3   | Killed a death yak
 11231 | Lair:3   | Reached XP level 13. HP: 87/104 MP: 13/20
 11239 | Lair:3   | Reached skill level 11 in Fighting
 11268 | Lair:3   | Reached skill level 10 in Shields
 11430 | Lair:3   | Reached skill level 10 in Armour
 11899 | Lair:3   | Noticed a seven-headed hydra
 11910 | Lair:3   | Killed a one-headed hydra
 12243 | Lair:4   | Found a viscous altar of Jiyva.
 12243 | Lair:4   | Found a staircase to the Slime Pits.
 12659 | Lair:4   | Reached skill level 12 in Fighting
 12836 | Lair:4   | Noticed Kirke
 12867 | Lair:4   | Killed Kirke
 13087 | Lair:5   | Entered Level 5 of the Lair of Beasts
 13230 | Lair:5   | Reached XP level 14. HP: 54/115 MP: 21/21
 13283 | Lair:5   | Noticed Rupert
 13299 | Lair:5   | Killed Rupert
 14147 | Lair:5   | Found a corrupted altar of Lugonu.
 14147 | Lair:5   | Found a one-way gate to the infinite horrors of the Abyss.
 14153 | Lair:5   | Reached skill level 15 in Axes
 14780 | Lair:5   | Reached skill level 13 in Fighting
 15458 | D:11     | Found a staircase to the Orcish Mines.
 15961 | D:11     | Found a runed translucent gate.
 15961 | D:11     | Found a runed translucent gate.
 15961 | D:11     | Found a runed translucent gate.
 15964 | D:11     | Noticed Faceam's ghost (journeyman VSFi)
 15995 | D:11     | Killed Faceam's ghost
 16173 | Orc:1    | Entered Level 1 of the Orcish Mines
 16173 | Orc:1    | Noticed Harold
 16173 | Orc:1    | Found a shimmering altar of Xom.
 16183 | Orc:1    | Killed Harold
 16184 | Orc:1    | Reached XP level 15. HP: 123/123 MP: 20/22
 16298 | Orc:1    | Noticed an orc warlord
 16311 | Orc:1    | Killed an orc warlord
 16669 | Orc:2    | Entered Level 2 of the Orcish Mines
 16778 | Orc:2    | Noticed an orc warlord
 16798 | Orc:2    | Killed an orc warlord
 17050 | Orc:2    | Reached skill level 14 in Fighting
 17275 | Orc:2    | Found Fieb's Book Boutique.
 17275 | Orc:2    | Found Koedd's Magic Scroll Boutique.
 17276 | Orc:2    | Found Emnu's Antique Weapon Shop.
 17276 | Orc:2    | Found Zuvopt's Magic Scroll Boutique.
 17412 | Orc:2    | Found a staircase to the Elven Halls.
 17749 | D:12     | Found a frozen archway.
 17773 | IceCv    | Entered an ice cave
 17975 | IceCv    | Noticed a frost giant
 17999 | IceCv    | Killed a frost giant
 18155 | IceCv    | Reached skill level 15 in Fighting
 18462 | D:12     | Reached XP level 16. HP: 103/136 MP: 21/23
 18570 | D:12     | Reached skill level 15 in Shields
 18594 | D:12     | Reached skill level 15 in Armour
 18594 | D:12     | Reached XP level 17. HP: 88/142 MP: 16/24
 19098 | D:13     | Found a gate leading to a gauntlet.
 19126 | Gauntlet | Entered a Gauntlet
 19126 | Gauntlet | Found a transporter.
 19126 | Gauntlet | Found a transporter.
 19130 | Gauntlet | Found a transporter.
 19130 | Gauntlet | Found a transporter.
 19141 | Gauntlet | Found a transporter.
 19153 | Gauntlet | Found a transporter.
 19159 | Gauntlet | Found a transporter.
 19159 | Gauntlet | Found a transporter.
 19163 | Gauntlet | Found a transporter.
 19182 | Gauntlet | Found a transporter.
 19189 | Gauntlet | Found a transporter.
 19207 | Gauntlet | Found a transporter.
 19252 | Gauntlet | Found a transporter.
 19266 | Gauntlet | Found a transporter.
 19370 | Gauntlet | Found a transporter.
 19386 | Gauntlet | Found a transporter.
 19507 | Gauntlet | Identified the ring of Vuideu {Fly rElec rN+ EV+5 Int-5}
 19542 | Gauntlet | Reached skill level 5 in Evocations
 19591 | Gauntlet | Identified the +0 pair of gloves of Asuig {*Corrode rPois
                  | Int+2 Slay+5}
 19801 | D:13     | Noticed Snorg
 19815 | D:13     | Killed Snorg
 20291 | D:14     | Found a gate to the Vaults.
 20395 | D:14     | Found a hide-covered altar of Uskayaw.
 20705 | D:14     | Found a runed translucent door.
 21004 | D:15     | Entered Level 15 of the Dungeon
 21025 | D:15     | Got the Atlas of Malevolent Acts
 21179 | D:15     | Reached skill level 10 in Evocations
 21887 | D:15     | Identified the ring "Jiotif" {rElec rC- Will- Int+6 Dex+4}
 22006 | D:15     | Found a staircase to the Depths.
 22489 | Swamp:1  | Entered Level 1 of the Swamp
 22521 | Swamp:1  | Reached skill level 16 in Fighting
 22521 | Swamp:1  | Reached XP level 18. HP: 151/151 MP: 25/25
 23440 | Swamp:2  | Reached skill level 17 in Fighting
 23475 | Swamp:2  | Identified a scroll of acquirement
 23512 | Swamp:2  | Identified the +4 ring mail of Ucaacaw {Regen+ Dex+3
                  | Stlth+}
 23766 | Swamp:3  | Reached skill level 18 in Fighting
 23786 | Swamp:3  | Noticed Roxanne
 23813 | Swamp:3  | Killed Roxanne
 23908 | Swamp:3  | Reached skill level 19 in Fighting
 23914 | Swamp:3  | Noticed Mlioglotl
 23938 | Swamp:3  | Killed Mlioglotl
 24241 | Swamp:4  | Entered Level 4 of the Swamp
 24287 | Swamp:4  | Reached skill level 20 in Fighting
 24316 | Swamp:4  | Received a gift from Okawaru
 24348 | Swamp:4  | Reached skill level 21 in Fighting
 24452 | Swamp:4  | Identified the +2 ring mail of Emiull {+Inv Regen+}
 24570 | Swamp:4  | Reached XP level 19. HP: 172/172 MP: 26/26
 24621 | Swamp:4  | Received a gift from Okawaru
 24769 | Swamp:4  | Got a decaying rune of Zot
 25006 | Spider:1 | Entered Level 1 of the Spider Nest
 25410 | Elf:1    | Entered Level 1 of the Elven Halls
 25410 | Elf:1    | Noticed Norris
 25442 | Elf:1    | Killed Norris
 25944 | Elf:1    | Found Utoaczas's Assorted Antiques.
 26087 | Elf:1    | Identified the +6 war axe "Ihaem" {heavy, *Noise Dex+6}
 26222 | Elf:1    | Noticed Jorgrun
 26231 | Elf:1    | Killed Jorgrun
 26476 | Elf:1    | Found a runed translucent door.
 26661 | Elf:1    | Noticed korenl137's ghost (adept DrSh)
 26689 | Elf:1    | Killed korenl137's ghost
 26691 | Elf:1    | Identified the +7 scale mail of the Disturbing Teeth
                  | {Rampage}
 26976 | Elf:2    | Reached XP level 20. HP: 171/180 MP: 25/27
 27052 | Elf:2    | Identified the +0 robe of Resourcefulness {-Tele rC+ rN++
                  | rCorr}
 27284 | Elf:2    | Found a runed translucent gate.
 27284 | Elf:2    | Found a runed translucent gate.
 27284 | Elf:2    | Found a runed translucent gate.
 27440 | Elf:2    | Received a gift from Okawaru
 27571 | Elf:2    | Identified the blade talisman of the Blue Moon {rF+ rN+}
 27845 | Elf:3    | Entered Level 3 of the Elven Halls
 27864 | Elf:3    | Noticed Asterion
 27875 | Elf:3    | Killed Asterion
 27940 | Elf:3    | Found Osunotibb's Distillery.
 27951 | Elf:3    | Noticed Saint Roka
 27977 | Elf:3    | Killed Saint Roka
 28114 | Elf:2    | Found a shimmering blue altar of Sif Muna.
 28243 | Elf:3    | Identified the +8 tower shield of the Brewing Gods {rF+ rN+
                  | Dex-2}
 28243 | Elf:3    | Noticed Louise
 28282 | Abyss:3  | Cast into level 3 of the Abyss (Louise)
 28301 | Abyss:3  | Found a corrupted altar of Lugonu.
 28332 | Elf:3    | Escaped the Abyss
 28340 | Elf:3    | Killed Louise
 28514 | Elf:3    | HP: 4/180 [ghostly deep elf blademaster/+2 quick blade of
                  | venom (7)]
 28515 | Elf:3    | Slain by a ghostly deep elf blademaster

Illustrated notes

Levels and vault maps discovered:
D:1:      giann_wishing_wells, layout_loops_ring, fountainhead
D:2:      layout_basic, shapermc_ecumenical_altar_petra,
          hangedman_decor_riveting, hex_medium
D:3:      layout_rooms, lemuel_coloured_pillars_altar,
          mainiacjoe_overflow_boulevard, gammafunk_ghost_split,
          grunt_decor_arrowhead, serial_bayou_pond_b, small_statue_alley_b,
          minmay_stone_trees_small, minmay_goblin_outpost
D:4:      layout_basic, fedhas_altar_1
D:5:      layout_rooms, minmay_temple_entry_stoned_glass, uniq_grinder
D:6:      layout_loops_ring, serial_glass, glass_columns_a, glass_columns_b,
          glass_columns_a, glass_columns_b, glass_columns_b, glass_columns_b
D:7:      nicolae_cairo_tiling_very_big, layout_cave_pools, marbit_many_paths,
          nicolae_elemental_shop
D:8:      layout_rooms, serial_shops, nicolae_shop_getting_attention,
          uniq_pikel, uniq_joseph
D:9:      layout_basic
D:10:     layout_loops_ring, lemuel_mausoleum_altar_yredelemnul,
          david_lair_generic
D:11:     layout_roguey, hiddenorc2_lemuel, gammafunk_ghost_necromancy
D:12:     cheibrodos_fzero, layout_basic, portal_ice_cave_entry_imps
D:13:     layout_roguey, gauntlet_entry_generic, uniq_snorg
D:14:     layout_roguey, skrybe_vaults_entry_preservation,
          nicolae_uskayaw_suspiria, nicolae_danse_macabre
D:15:     gammafunk_enter_depths_forms, layout_layer_cave, serial_bayou,
          serial_bayou_crossing, serial_bayou_pond_d, serial_bayou_lagoon_a,
          serial_bayou_shore_a
Temple:   minmay_temple_bridge_d
Lair:1:   layout_cave_pods, grunt_megastairs_3, lemuel_fruit_tree
Lair:2:   layout_small_grid, minmay_swamp_entry_worms,
          hellmonk_spider_entry_not_the_bees, lemuel_fruit_fields
Lair:3:   beast_lair_carwin_large_2, layout_loops_ring, grunt_megastairs_4
Lair:4:   layout_loops_ring, minmay_slime_entry_eyes, kennysheep_rathole,
          uniq_kirke
Lair:5:   hellmonk_lair_end_abyssal_woods, layout_regular_city,
          grunt_megastairs_2, serial_bayou_shore_b, uniq_rupert
Swamp:1:  layout_basic_swamp, evilmike_swamp_ruin_rubble_1,
          nicolae_swamp_decorative_isthmus
Swamp:2:  layout_basic_swamp, nicolae_swamp_fairy_circle
Swamp:3:  layout_falls_marsh, nicolae_swamp_oxbows, uniq_roxanne, uniq_mlioglotl
Swamp:4:  swamp_alternative, layout_basic_swamp
Spider:1: layout_spider_delve, nicolae_spider_circle_web
Orc:1:    layout_diamond_mine, basic_altar, uniq_harold
Orc:2:    st_orc_pillars, layout_caves, nicolae_orc_crystal_geode
Elf:1:    nicolae_elf_arrival_fired_up, layout_onion_city,
          gammafunk_ghost_grave, serial_shops, shop,
          hangedman_elven_crosses_minicolossus, drop_trap, uniq_norris,
          uniq_jorgrun
Elf:2:    elven_hall_of_blades_hangedman_original [mumra_blade_entry_dagger],
          layout_onion_city, lemuel_upstairs_altar
Elf:3:    minmay_elf_hall_hex, layout_geoelf_grid, serial_shops,
          nicolae_shop_rolling_square, nicolae_elf_variegated_diamond,
          uniq_aizul, uniq_asterion, uniq_saint_roka, uniq_louise

Skill      XL: |  1  2  3  4  5  6  7  8  9 10 11 12 13 14 15 16 17 18 19 20 |
---------------+-------------------------------------------------------------+-----
Fighting       | 4 5 6 7 8 9 10 12 13 15 16 21 | 21.0
Axes           | 3 5 6 8 10 11 13 14 15 16 17 18 | 18.9
Armour         | 4 7 8 9 10 12 14 15 17 18 | 18.0
Invocations    | 4 5 10 | 10.0
Evocations     | 3 4 10 | 10.0
Shields        | 7 8 9 11 13 14 15 16 17 18 | 18.0

Action                     |  1- 3 |  4- 6 |  7- 9 | 10-12 | 13-15 | 16-18 | 19-21 || total
---------------------------+-------+-------+-------+-------+-------+-------+-------++-------
  Melee: War axe           |    83 |   131 |   209 |     4 |    19 |    77 |       ||   523
         Trident           |       |       |    31 |       |       |       |       ||    31
         Battleaxe         |       |       |    18 |   347 |   773 |   554 |   663 ||  2355
         Great mace        |       |       |       |       |    52 |    33 |    23 ||   108
         Demon whip        |       |       |       |       |       |       |    16 ||    16
   Fire: Arbalest          |       |       |       |       |    29 |       |       ||    29
  Throw: Dart              |       |       |     5 |     5 |     9 |       |       ||    19
 Invoke: Heroism           |       |       |     3 |    21 |    35 |    21 |    20 ||   100
         Finesse           |       |       |       |     3 |    10 |     6 |     6 ||    25
Ability: Dig               |       |     1 |       |     1 |     1 |       |     2 ||     5
  Evoke: Wand              |       |       |       |     2 |     6 |     1 |       ||     9
    Use: Scroll            |       |     3 |     3 |     7 |     9 |    13 |     1 ||    36
         Potion            |       |       |       |     1 |     1 |     1 |     3 ||     6
   Stab: Distracted        |       |       |       |     1 |       |     1 |       ||     2
 Armour: Scale mail        |    35 |       |       |       |       |       |       ||    35
         Chain mail        |    41 |    91 |   136 |       |   106 |       |       ||   374
         Plate armour      |       |       |    29 |   251 |   441 |   336 |   274 ||  1331
         Skin              |       |       |       |       |     1 |       |       ||     1
  Dodge: Dodged            |    42 |    58 |   161 |   201 |   302 |   156 |   136 ||  1056
  Block: Buckler           |    25 |    34 |    70 |   112 |   298 |       |       ||   539
         Tower shield      |       |       |       |       |    26 |   606 |   553 ||  1185

Table legend: (Time is in decaauts)
 A = Elapsed time spent in this place.
 B = Non-inter-level travel time spent in this place.
 C = Inter-level travel time spent in this place.
 D = Time resting spent in this place.
 E = Time spent auto-exploring this place.
 F = Levels seen in this place.
 G = Mean time per level.
                   A        B        C        D        E       F      G
               +--------+--------+--------+--------+--------+-----+--------+
         Total |  28002 |  26366 |   1636 |     84 |  19256 |  34 |  823.6 |
       Dungeon |  13221 |  12436 |    785 |     69 |   9491 |  15 |  881.4 |
        Temple |    146 |      1 |    145 |      0 |      0 |   1 |  146.0 |
          Lair |   6454 |   6160 |    294 |      9 |   5129 |   5 | 1290.8 |
         Swamp |   2352 |   2183 |    169 |      0 |   1552 |   4 |  588.0 |
   Spider Nest |    257 |    235 |     22 |      0 |     92 |   1 |  257.0 |
  Orcish Mines |   1512 |   1395 |    117 |      6 |    865 |   2 |  756.0 |
   Elven Halls |   2875 |   2773 |    102 |      0 |   1508 |   3 |  958.3 |
         Abyss |     46 |     46 |      0 |      0 |     19 |   1 |   46.0 |
      Ice Cave |    610 |    610 |      0 |      0 |    335 |   1 |  610.0 |
      Gauntlet |    524 |    524 |      0 |      0 |    265 |   1 |  524.0 |
               +--------+--------+--------+--------+--------+-----+--------+

Top non-repeatable levels by time:
  Lair:5: 2074 daAuts
  Lair:2: 1335 daAuts
    D:15: 1322 daAuts
    D:10: 1321 daAuts
   Elf:1: 1317 daAuts
  Lair:1: 1079 daAuts
     D:4: 1050 daAuts
  Lair:3: 1044 daAuts
   Elf:2: 1019 daAuts
     D:3: 1011 daAuts
   Orc:2: 1002 daAuts
     D:9: 979 daAuts
     D:6: 929 daAuts
  Lair:4: 920 daAuts
    D:11: 888 daAuts
